 Dungeon Crawl Stone Soup version 0.31.0-12-g77e489cdc1 (webtiles) character file.

Game seed: 7559237808481256545

279 sking99 the Trooper (level 6, -2/67 HPs)
             Began as an Oni Monk on Feb 29, 2024.
             Slain by a black bear (11 damage)
             ... on level 4 of the Dungeon.
             The game lasted 00:04:34 (2674 turns).

sking99 the Trooper (Oni Monk)                      Turns: 2674, Time: 00:04:35

Health: -2/67      AC:  3    Str: 18    XL:     6   Next: 26%
Magic:  6/6        EV: 10    Int: 17    God:
Gold:   123        SH:  0    Dex: 11    Spells: 5/5 levels left

rFire   . . .        a - +0 mace
rCold   . . .        d - orb {light}
rNeg    . . .        t - +0 robe {Will+}
rPois   .            (helmet restricted)
rElec   .            (no cloak)
rCorr   .            (gloves unavailable)
SInv    .            (boots unavailable)
Will    +....        k - amulet of regeneration
Stlth   +            m - +6 ring of intelligence
HPRegen 1.11/turn    (no ring)
MPRegen 0.10/turn

%: no passive effects
@: about to teleport, glowing
A: large, unfitting armour, horns 1, tough skin 1, double potion healing,
drunken brawling
a: no special abilities


You were on level 4 of the Dungeon.
You visited 1 branch of the dungeon, and saw 4 of its levels.

You collected 204 gold pieces.
You spent 81 gold pieces at shops.

Inventory:

Hand Weapons
 a - a +0 mace (weapon)
Missiles
 u - a throwing net (quivered)
Armour
 d - an orb of light (worn)
 t - a +0 robe of willpower (worn)
Jewellery
 k - an amulet of regeneration (around neck)
 l - an amulet of guardian spirit
 m - a +6 ring of intelligence (left hand)
 v - a +6 ring of intelligence
Scrolls
 g - a scroll of vulnerability
 h - a scroll of enchant armour {unknown}
Potions
 b - a potion of haste {unknown}
 c - a potion of ambrosia
 e - a potion of might {unknown}
 i - a potion of mutation {unknown}
 j - a potion of attraction {unknown}
 p - 3 potions of invisibility
 q - a potion of heal wounds {unknown}
 s - a potion of curing {unknown}


   Skills:
 + Level 6.1 Fighting
 * Level 5.8 Maces & Flails
 - Level 2.6 Dodging


You had 5 spell levels left.
You didn't know any spells.
Your spell library contained the following spells:

 Spells                   Type           Power      Damage    Failure   Level
 Blink                    Tloc           0%         N/A       34%         2
 Lesser Beckoning         Tloc           0%         N/A       34%         2
 Momentum Strike          Conj/Tloc      0%         3d8       34%         2


Dungeon Overview and Level Annotations

Branches:
Dungeon (4/15)
 Temple: D:4-7

Altars:
Qazlal
Trog
Uskayaw

Shops:
D:3 [


Innate Abilities, Weirdness & Mutations

You are too large for most types of armour.
You have a pair of small horns on your head.
You have tough skin. (AC +1)
You gain doubled healing and magic from potions.
Whenever you drink a healing potion, you attack all around you.


Message History

The black bear bites you. The black bear barely misses you.
The black bear closely misses you.
You completely miss the black bear.
The black bear is heavily wounded.
The black bear closely misses you. The black bear claws you.
The black bear claws you but does no damage.
The black bear bites you. The black bear claws you.
The black bear barely misses you.
You sock the black bear!
The black bear is severely wounded.
The black bear bites you but does no damage.
The black bear claws you but does no damage.
The black bear claws you.
The black bear goes berserk!
You hit the black bear.
The black bear is almost dead.
The black bear bites you. The black bear claws you. x2
The black bear bites you. The black bear barely misses you.
The black bear claws you.
You hit the black bear but do no damage.
You headbutt the black bear.
The black bear is almost dead.
The black bear bites you!
* * * LOW HITPOINT WARNING * * *
The black bear completely misses you. The black bear barely misses you.
The black bear bites you.
* * * LOW HITPOINT WARNING * * *
The black bear claws you.
* * * LOW HITPOINT WARNING * * *
The black bear closely misses you. The black bear barely misses you.
The black bear closely misses you.
The black bear claws you but does no damage.
As you read the scroll of teleportation, it crumbles to dust.
You feel strangely unstable. The black bear barely misses you.
The black bear claws you.
* * * LOW HITPOINT WARNING * * *
The black bear misses you. The black bear bites you!
* * * LOW HITPOINT WARNING * * *
The black bear barely misses you. The black bear closely misses you.
The black bear bites you!
You die...

*,,,,,,*,~,#..# ##..#.....
*,,,...**###..# #..##.....
*,,,..c#*..######.###.....
*,,,,...*#.# #...# ##....
******#..#.####.### ##...
*#.#.#....## *###
#.........#**
###)..###...#******
#@h#..#*##....,,,*
##h###.# *####**,, ##..#
*.# *** ####..## *.#***
#....## *..,,*
**#######†#### *##*,*
*,.........# *,*********
*,......[..# *,**,,,,,,,
*,.........#*****
*,*,,,,,,,*


You could see 2 black bears.

Vanquished Creatures
  A centaur (D:4)
  Jessica (D:2)
  4 gnolls (D:3)
  5 adders
  4 ribbon worms
  4 dart slugs
  5 endoplasms
  2 giant cockroaches (D:2)
  3 goblins
  7 hobgoblins
  10 jackals
  4 kobolds
  7 ball pythons
  9 bats
  6 frilled lizards
  5 rats
77 creatures vanquished.

Notes
Turn   | Place    | Note
-------+----------+-------------------------------------------
     0 | D:1      | sking99 the Oni Monk began the quest for the Orb.
     0 | D:1      | Reached XP level 1. HP: 24/24 MP: 1/1
   123 | D:1      | Reached XP level 2. HP: 28/32 MP: 2/2
   912 | D:2      | Found a faded altar of an unknown god.
   969 | D:2      | Noticed Jessica
   974 | D:2      | Killed Jessica
   975 | D:2      | Reached XP level 3. HP: 27/41 MP: 3/3
   995 | D:2      | Reached XP level 4. HP: 34/49 MP: 4/4
  1104 | D:2      | Reached skill level 5 in Fighting
  1842 | D:3      | Reached XP level 5. HP: 57/57 MP: 5/5
  1848 | D:3      | Found Ynugg's Antique Armour Shoppe.
  1855 | D:3      | Bought an embroidered robe for 81 gold pieces
  2093 | D:3      | Found a stormy altar of Qazlal.
  2132 | D:3      | Reached skill level 5 in Maces & Flails
  2463 | D:4      | Noticed a +0 spear
  2463 | D:4      | Noticed a +0 falchion
  2464 | D:4      | Noticed a +0 dagger
  2544 | D:4      | Noticed a +0 short sword
  2544 | D:4      | Noticed a +0 spear
  2544 | D:4      | Noticed a +0 short sword
  2562 | D:4      | Found a hide-covered altar of Uskayaw.
  2562 | D:4      | Noticed a +0 falchion
  2563 | D:4      | Noticed a +0 dagger
  2601 | D:4      | Noticed a centaur
  2611 | D:4      | Killed a centaur
  2612 | D:4      | Reached skill level 6 in Fighting
  2612 | D:4      | Reached XP level 6. HP: 27/67 MP: 6/6
  2655 | D:4      | Found a bloodstained altar of Trog.
  2655 | D:4      | Noticed a black bear
  2655 | D:4      | Noticed a black bear
  2674 | D:4      | Slain by a black bear

Illustrated notes

Levels and vault maps discovered:
D:1:      lightli_arrival_quake, layout_basic
D:2:      layout_basic, basic_ecumenical_altar, nicolae_wormholes, uniq_jessica
D:3:      layout_loops_cross, nicolae_overflow_crystal_walls, serial_shops,
          nicolae_shop_advertising_works [nicolae_subvault_shop_adworks]
D:4:      layout_rooms, nicolae_uskayaw_en_pointe, trog_ov_bears_minmay,
          ebering_ghost_reflecting_pool, uniq_blork_the_orc, uniq_grinder

Skill      XL: |  1  2  3  4  5 |
---------------+----------------+-----
Maces & Flails | 4 5 |  5.8
Fighting       | 5 6 |  6.1
Dodging        | |  2.6

Action                     |  1- 3 |  4- 6 || total
---------------------------+-------+-------++-------
  Melee: Mace              |    46 |   144 ||   190
         Headbutt          |    11 |    25 ||    36
    Use: Scroll            |       |     8 ||     8
 Armour: Robe              |    36 |   117 ||   153
  Dodge: Dodged            |    25 |    93 ||   118
